 Dungeon Crawl Stone Soup version 0.18.1-48-g4cf74bf (webtiles) character file.

33054 vale the Thaumaturge (level 13, -3/113 HPs)
             Began as a Ghoul Wizard on July 7, 2016.
             Was a Believer of Ashenzari.
             Killed from afar by a lindwurm (39 damage)
             ... with a blast of flame
             ... on level 5 of the Lair of Beasts.
             The game lasted 01:42:52 (30767 turns).

vale the Thaumaturge (Ghoul Wizard)                Turns: 30767, Time: 01:42:53

Health: -3/113     AC:  8    Str: 12    XL:     13   Next: 68%
Magic:  15/27      EV: 14    Int: 17    God:    Ashenzari [**....]
Gold:   900        SH:  0    Dex:  7    Spells: 8 memorised, 13 levels left

rFire  . . .     SeeInvis .     a - +0 quarterstaff (curse)
rCold  + + .     Gourm    .     O - +1 robe {rC+}
rNeg   + + +     Faith    .     (shield currently unavailable)
rPois  ∞         Spirit   .     l - +2 helmet
rElec  .         Dismiss  .     (no cloak)
rCorr  .         Reflect  .     U - +0 pair of gloves
SustAt .         Harm     .     N - +0 pair of boots
MR     .....                    (no amulet)
Stlth  +++.......               (no ring)
                                g - ring of wizardry

@: rotting, repel missiles, not resistant to hostile enchantments, fairly
stealthy
A: rotting body, claws 1, carnivore 3, cold resistance 1, negative energy
resistance 3, slow regeneration 1, torment resistance, unbreathing
a: Curse Item, Scrying, Renounce Religion


You were on level 5 of the Lair of Beasts.
You worshipped Ashenzari.
Ashenzari was pleased with you.
You were not hungry.

You visited 4 branches of the dungeon, and saw 17 of its levels.
You also visited: Sewer.

You collected 900 gold pieces.

Inventory:

Hand Weapons
 a - a cursed +0 quarterstaff (weapon)
 z - a +3 short sword of draining
Missiles
 M - 3 throwing nets (quivered)
Armour
 l - a +2 helmet (worn)
 N - a +0 pair of boots (worn)
 O - a +1 robe of cold resistance (worn)
 U - a +0 pair of gloves (worn)
 X - a cursed +0 ring mail
Jewellery
 g - a ring of wizardry (left hand)
 x - an uncursed ring of ice
Wands
 c - a wand of digging (4/24)
 I - a wand of teleportation (2/9)
 P - a wand of polymorph (16/24)
 Q - a wand of random effects (18/48)
 T - a wand of slowing (26/48)
 Z - a wand of lightning (0/15)
Scrolls
 b - 2 scrolls of recharging
 e - a scroll of enchant weapon
 h - 8 scrolls of identify
 i - a scroll of noise {unknown}
 m - a scroll of fog
 q - a scroll of blinking
 r - a scroll of fear
 s - 10 scrolls of teleportation
 w - a scroll of enchant armour
 D - 9 scrolls of remove curse
Potions
 k - 3 potions of cancellation
 n - 2 potions of curing
 o - 3 potions of haste
 B - 3 potions of flight
 E - 3 potions of might
 K - a potion of agility
 L - 4 potions of resistance
 W - a potion of heal wounds
Miscellaneous
 F - a sack of spiders {used: 4}
 S - a lamp of fire (inert)
 Y - a phial of floods
Comestibles
 d - 8 meat rations {@e2}
 f - a chunk of flesh {@w0}
 A - 9 slices of pizza


   Skills:
 - Level 9.9 Fighting
 + Level 6.2(9.3) Staves
 - Level 9.5 Dodging
 - Level 6.8 Stealth
 - Level 11.0 Spellcasting
 - Level 6.9 Conjurations
 - Level 2.1 Charms
 - Level 0.8 Summonings
 - Level 5.5 Necromancy
 - Level 3.3 Translocations


You had 13 spell levels left.
You knew the following spells:

 Your Spells              Type           Power        Failure   Level  Hunger
a - Magic Dart            Conj           ####         1%          1    None
c - Conjure Flame         Conj/Fire      ###.....     3%          3    None
d - Mephitic Cloud        Conj/Pois/Air  ###.....     4%          3    None
e - Call Imp              Summ           ##......     4%          2    None
f - Repel Missiles        Chrm/Air       ##....       4%          2    None
n - Animate Dead          Necr           N/A          4%          4    ###....
p - Blink                 Tloc           N/A          1%          2    None
u - Control Undead        Necr           ####......   4%          4    ###....


Dungeon Overview and Level Annotations

Branches:
Dungeon (10/15)            Temple (1/1) D:6            Lair (5/8) D:10
  Swamp (0/4) Lair:5          Orc (1/2) D:9
  Snake: Lair:3-6    Spider: Lair:3-6

Altars:
Ashenzari
Cheibriados
Dithmenos
Elyvilon
Fedhas
Gozag
Kikubaaqudgha
Makhleb
Nemelex Xobeh
Okawaru
Pakellas
Qazlal
Ru
Sif Muna
Trog
Vehumet
Xom
Yredelemnul
Zin
The Shining One

Shops:
D:9 %

Annotations:
D:9 Gastronok
Lair:5 exclusion: lindwurm


Innate Abilities, Weirdness & Mutations

Your body is rotting away.
You thrive on raw meat.
You are immune to poison.
You have sharp fingernails.
You are carnivorous and can eat meat at any time.
Your flesh is cold resistant.
You are immune to negative energy.
You regenerate slowly when monsters are visible.
You are immune to unholy pain and torment.
You can survive without breathing.


Message History

Your water moccasin zombie bites the iguana!
Your crimson imp hits the iguana but does no damage.
The iguana is engulfed in noxious fumes.
The iguana appears confused.
Your water moccasin zombie bites the iguana.
Your water moccasin zombie bites the iguana.
The iguana dies!
You see here a porcupine corpse.
You see here a porcupine corpse.
You butcher the porcupine corpse.
The lindwurm breathes flames at you. The blast of flame hits you!
* * * LOW HITPOINT WARNING * * *
You see here a chunk of flesh {@w0}.
You take 37 damage, and have 36/113 hp.
MASSIVE DAMAGE!!
There isn't anything to butcher here.
You swap places.
The lindwurm breathes flames at you. The blast of flame hits you!
You die...

*#..............$##....
#.............#.###..P
#..............## ##.P
..............#####..P *
##.....P..P####.#.PP
####...PP..###.###..P.
##.#.#†.##### ##....... *
#.#..5%.## ##.......
#....Z@..## ##........ *
#........P## #.........
##.........# #.........
#k..##
##.........####........
.#...##k..........##.........
#...#......§§§.....##........
#.....#P§.§§§§.....##.P......
,#...PP..§.§§§.......##......
##P.....§§>§........###P.....


You could see a lindwurm, a friendly crimson imp and a friendly water moccasin
zombie.

Vanquished Creatures
  5 hydras
  A death yak (D:10)
  Nergalle (Lair:3)
  Sonja (Lair:3)
  4 hill giants
  A griffon (Lair:3)
  An ugly thing (D:8)
  6 elephants
  2 black mambas
  6 spiny frogs
  3 komodo dragons (Lair:2)
  A rime drake (Lair:4)
  A tengu conjurer (D:9)
  2 trolls
  Prince Ribbit (D:9)
  6 blink frogs
  45 yaks
  A wyvern (D:9)
  A wraith (D:10)
  5 hippogriffs
  A steam dragon (Lair:2)
  8 water moccasins
  8 porcupines
  A black bear (Lair:4)
  An eye of draining (D:9)
  3 orc warriors
  3 sky beasts
  A wasp (D:10)
  3 ice beasts
  2 phantoms
  4 ogres
  14 wolves
  4 centaurs
  5 crocodiles
  4 big kobolds
  19 giant frogs
  A gnoll sergeant (D:9)
  4 scorpions
  9 killer bees
  5 wights
  4 howler monkeys
  A crimson imp (D:6)
  2 centaur zombies
  2 quasits
  5 orc priests
  3 hounds
  5 jellies
  A centaur skeleton (D:6)
  2 giant frog skeletons
  2 giant frog zombies
  Jessica (D:2)
  8 orc wizards
  8 iguanas
  3 hell rats (D:5)
  10 worker ants
  7 sheep
  2 hound skeletons
  A mummy (D:6)
  2 howler monkey zombies
  A worker ant zombie (D:5)
  2 howler monkey skeletons (D:4)
  10 gnolls
  12 adders
  50 river rats
  5 shadow imps
  6 oozes
  An adder skeleton (D:7)
  2 worms
  A dart slug (D:2)
  5 giant geckos
  30 orcs
  10 giant cockroaches
  6 goblins
  7 hobgoblins
  19 jackals
  9 quokkas
  3 ball pythons
  15 bats
  A giant gecko skeleton (D:4)
  8 giant newts
  A hobgoblin zombie (D:6)
  14 kobolds
  An orc zombie (D:6)
  A quokka skeleton (D:9)
  A quokka zombie (D:7)
  32 rats
  2 fungi (D:6)
  A plant (D:6)
519 creatures vanquished.

Vanquished Creatures (collateral kills)
  A hydra (Lair:4)
  A spiny frog (Lair:2)
  2 blink frogs (Lair:2)
  A boulder beetle (Lair:3)
  2 basilisks (Lair:2)
  A wyvern (D:8)
  3 yaks
  2 hippogriffs
  The ghost of wotkd0121004 the Chiller, an amateur OpIE (D:4)
  2 porcupines
  2 water moccasins
  An ice beast (D:5)
  4 wolves
  2 giant frogs
  A killer bee (D:8)
  An electric eel (D:6)
  A gnoll shaman (D:4)
  3 iguanas
  A gnoll (D:4)
  16 river rats
  An adder (D:4)
  A dart slug (D:1)
  4 worms
  A giant newt (Sewer)
  2 rats (D:5)
  A spectral orc (D:4)
  A fungus (Lair:3)
59 creatures vanquished.

Vanquished Creatures (others)
  5 sheep (Lair:5)
  An orc (D:10)
  8 fungi
  2 plants
16 creatures vanquished.

Grand Total: 594 creatures vanquished

Notes
Turn   | Place    | Note
--------------------------------------------------------------
     0 | D:1      | vale the Ghoul Wizard began the quest for the Orb.
     0 | D:1      | Reached XP level 1. HP: 14/14 MP: 3/3
    79 | D:1      | Reached skill level 1 in Conjurations
   460 | D:1      | Reached XP level 2. HP: 20/20 MP: 1/4
   521 | D:1      | Learned a level 2 spell: Blink
   524 | D:1      | Learned a level 2 spell: Call Imp
  1262 | D:2      | Found a glowing silver altar of Zin.
  1298 | D:2      | Noticed Jessica
  1418 | D:2      | Reached XP level 3. HP: 26/26 MP: 3/6
  1684 | D:2      | Killed Jessica
  1806 | D:2      | Reached XP level 4. HP: 33/33 MP: 0/7
  2065 | D:2      | Learned a level 3 spell: Mephitic Cloud
  3388 | D:3      | Reached XP level 5. HP: 38/38 MP: 4/8
  3430 | D:3      | Found a bloodstained altar of Trog.
  3754 | D:4      | Found a glowing drain.
  3763 | Sewer    | Entered a sewer
  4801 | D:4      | Reached XP level 6. HP: 33/45 MP: 0/9
  5056 | D:4      | Reached skill level 3 in Spellcasting
  5066 | D:4      | Learned a level 3 spell: Conjure Flame
  5076 | D:4      | Noticed a phantom
  5301 | D:4      | Noticed wotkd0121004's ghost (amateur OpIE)
  5432 | D:5      | Entered Level 5 of the Dungeon
  5955 | D:5      | Reached skill level 4 in Spellcasting
  5995 | D:5      | Noticed an ice beast
  6011 | D:5      | Killed an ice beast
  6011 | D:5      | Reached XP level 7. HP: 50/50 MP: 7/12
  6075 | D:5      | Found a shattered altar of Ashenzari.
  6467 | D:5      | dumb
  6487 | D:6      | Found a staircase to the Ecumenical Temple.
  6514 | Temple   | Entered the Ecumenical Temple
  7130 | D:5      | Reached skill level 5 in Spellcasting
  8284 | D:5      | Reached skill level 1 in Fighting
  8284 | D:5      | Reached skill level 6 in Spellcasting
  8284 | D:5      | Reached XP level 8. HP: 43/57 MP: 8/16
  8540 | D:5      | Became a worshipper of Ashenzari the Shackled
  8560 | D:6      | Found a blossoming altar of Fedhas.
  8764 | D:6      | Found an ancient bone altar of Kikubaaqudgha.
  9130 | D:6      | Learned a level 2 spell: Repel Missiles
  9135 | D:6      | Learned a level 4 spell: Animate Dead
  9387 | D:6      | Reached skill level 5 in Conjurations
 10285 | D:7      | Reached skill level 5 in Fighting
 10285 | D:7      | Reached XP level 9. HP: 73/74 MP: 10/17
 11665 | D:8      | Noticed a two-headed hydra
 11733 | D:8      | Reached skill level 5 in Dodging
 11836 | D:8      | Reached XP level 10. HP: 81/86 MP: 14/18
 11931 | D:8      | Reached * piety under Ashenzari
 12049 | D:8      | Identified Nediruz's Compendium of Flamy Venom
 12086 | D:8      | Found a sacrificial altar of Ru.
 12809 | D:9      | Found a sparkling altar of Nemelex Xobeh.
 12830 | D:9      | Found a snail-covered altar of Cheibriados.
 13136 | D:9      | Learned a level 4 spell: Control Undead
 13365 | D:9      | Noticed a brown ugly thing
 13396 | D:8      | Killed a brown ugly thing
 13545 | D:9      | Noticed Gastronok
 14287 | D:9      | Noticed Prince Ribbit
 14328 | D:9      | Killed Prince Ribbit
 14366 | D:9      | Found a staircase to the Orcish Mines.
 14764 | D:9      | Noticed a skeletal warrior
 15061 | D:9      | Found Monotop's Food Emporium.
 15118 | D:9      | Reached XP level 11. HP: 92/92 MP: 0/20
 15432 | D:9      | Reached skill level 1 in Charms
 15436 | D:9      | Reached skill level 7 in Spellcasting
 15858 | D:8      | Killed a two-headed hydra
 15858 | D:8      | Reached skill level 1 in Necromancy
 15946 | D:10     | Entered Level 10 of the Dungeon
 15982 | D:10     | Found a staircase to the Lair.
 15982 | D:10     | Noticed a death yak
 15997 | D:10     | Killed a death yak
 16043 | D:10     | Reached skill level 8 in Spellcasting
 17747 | D:10     | Noticed a hill giant
 17791 | D:10     | Killed a hill giant
 17817 | D:10     | Reached skill level 9 in Spellcasting
 17941 | D:10     | Noticed a hill giant
 17971 | D:10     | Killed a hill giant
 18170 | D:10     | Noticed a hill giant
 18187 | D:10     | Killed a hill giant
 18469 | Lair:1   | Entered Level 1 of the Lair of Beasts
 18573 | Lair:1   | Noticed a hill giant
 18634 | Lair:1   | Killed a hill giant
 18634 | Lair:1   | Reached XP level 12. HP: 93/100 MP: 5/24
 18636 | Lair:1   | Noticed a six-headed hydra
 18643 | Lair:1   | Killed a two-headed hydra
 18643 | Lair:1   | Reached skill level 5 in Necromancy
 18765 | Lair:1   | Noticed a five-headed hydra
 18806 | Lair:1   | Killed a four-headed hydra
 18969 | Lair:1   | Reached skill level 10 in Spellcasting
 19275 | Lair:1   | Reached skill level 1 in Translocations
 21131 | Lair:2   | Reached skill level 11 in Spellcasting
 21848 | Lair:3   | Noticed Nergalle
 22777 | Lair:2   | Reached skill level 5 in Stealth
 23030 | Lair:3   | Reached ** piety under Ashenzari
 23392 | Lair:3   | come on
 23402 | Lair:3   | Reached XP level 13. HP: 60/106 MP: 9/27
 23611 | Lair:3   | Noticed Sonja
 23646 | Lair:3   | Killed Sonja
 24103 | Lair:3   | Killed Nergalle
 25682 | Orc:1    | Entered Level 1 of the Orcish Mines
 25986 | D:4      | Killed wotkd0121004's ghost
 26111 | D:4      | Found a basalt altar of Yredelemnul.
 26165 | D:4      | Found an iron altar of Okawaru.
 26699 | Lair:3   | Reached skill level 1 in Staves
 29496 | Lair:4   | Reached skill level 5 in Staves
 30508 | Lair:5   | Found a staircase to the Swamp.
 30722 | Lair:5   | Found a shimmering altar of Xom.
 30767 | Lair:5   | Killed from afar by a lindwurm

Skill      XL: |  1  2  3  4  5  6  7  8  9 10 11 12 13 |
---------------+----------------------------------------+-----
Conjurations   | 1 2 3 4 5 6 |  6.9
Spellcasting   | 4 6 9 11 | 11.0
Fighting       | 1 5 7 8 9 |  9.9
Dodging        | 5 9 |  9.5
Charms         | 2 |  2.1
Necromancy     | 4 5 |  5.5
Translocations | 3 |  3.3
Stealth        | 5 6 |  6.8
Staves         | 6 |  6.2
Summonings     | |  0.8

Action                   |  1- 3 |  4- 6 |  7- 9 | 10-12 | 13-15 || total
-------------------------+-------+-------+-------+-------+-------++-------
Melee: Dagger            |    29 |     4 |       |       |       ||    33
       Short sword       |       |    78 |   353 |   765 |   181 ||  1377
       Hand axe          |       |       |       |    14 |    49 ||    63
       Quarterstaff      |       |       |       |       |   255 ||   255
 Cast: Magic Dart        |    59 |   179 |   237 |   285 |   158 ||   918
       Call Imp          |     7 |    14 |    20 |    21 |    16 ||    78
       Mephitic Cloud    |       |     7 |    28 |   117 |    76 ||   228
       Blink             |       |     1 |     1 |     3 |     4 ||     9
       Conjure Flame     |       |     3 |    10 |    65 |    30 ||   108
       Repel Missiles    |       |       |     2 |     2 |     3 ||     7
       Control Undead    |       |       |       |     2 |     2 ||     4
       Animate Dead      |       |       |       |    24 |    24 ||    48
Invok: Curse Item        |       |       |       |     1 |     1 ||     2
Evoke: Wand              |       |       |    11 |    22 |     5 ||    38
       Sack of spiders   |       |       |       |       |     5 ||     5
       Lamp of fire      |       |       |       |       |     1 ||     1
       Phial of floods   |       |       |       |       |     1 ||     1
  Use: Scroll            |       |       |    17 |     7 |     3 ||    27
       Potion            |       |       |     5 |     2 |     1 ||     8
 Stab: Sleeping          |       |     1 |       |     2 |     1 ||     4
       Confused          |       |       |     5 |    19 |    18 ||    42
       Distracted        |       |       |     2 |       |     4 ||     6
  Eat: Chunk             |     5 |    16 |    22 |    44 |    26 ||   113
       Pizza             |       |       |     1 |       |       ||     1
       Royal jelly       |       |       |     1 |       |       ||     1
       Beef jerky        |       |       |       |       |     2 ||     2
Armor: Robe              |     7 |    46 |    88 |   175 |   127 ||   443
Dodge: Dodged            |    12 |    85 |   175 |   549 |   374 ||  1195
       Deflected         |       |       |     4 |     4 |     5 ||    13
